 Dungeon Crawl Stone Soup version 0.20.1-1-g8b1a95d (webtiles) character file.

189 Linguinho the Chopper (level 5, 0/41 HPs)
             Began as a Demonspawn Fighter on Nov 11, 2017.
             Succumbed to an orc wizard's poison
             ... on level 4 of the Dungeon.
             The game lasted 00:02:51 (2061 turns).

Linguinho the Chopper (Demonspawn Fighter)          Turns: 2061, Time: 00:02:51

Health: 0/41       AC:  9    Str: 17    XL:     5   Next: 40%
Magic:  5/5        EV:  7    Int:  9    God:
Gold:   176        SH:  9    Dex: 13    Spells: 4/4 levels left

rFire    . . .     SeeInvis .   a - +0 war axe
rCold    . . .     Gourm    .   c - +0 shield
rNeg     . . .     Faith    .   b - +0 scale mail
rPois    .         Spirit   .   (no helmet)
rElec    .         Reflect  .   (no cloak)
rCorr    .         Harm     .   (no gloves)
MR       .....                  (no boots)
Stlth    ..........             (no amulet)
Regen    0.2/turn               (no ring)
MPRegen  0.1/turn               (no ring)

@: lethally poisoned (0 -> -38)
A: yellow scales 2, powered by pain 1
a: no special abilities


You were on level 4 of the Dungeon.
You were very hungry.

You visited 1 branch of the dungeon, and saw 4 of its levels.

You collected 176 gold pieces.

Inventory:

Hand Weapons
 a - a +0 war axe (weapon)
 q - a +3 dagger
Armour
 b - a +0 scale mail (worn)
 c - a +0 shield (worn)
Wands
 s - a wand of iceblast (12/15)
 t - a wand of random effects (22/48)
Scrolls
 e - 3 scrolls of immolation {unknown}
 i - 5 scrolls of remove curse {unknown}
 j - a scroll of identify {unknown}
 m - a scroll of amnesia {unknown}
 p - a scroll of teleportation {unknown}
Potions
 d - 2 potions of might
 h - a potion of agility {unknown}
 l - a potion of magic {unknown}
 n - a potion of heal wounds {unknown}
Books
 r - a book of Minor Magic

   Spells                             Type                      Level
   a - Magic Dart                     Conjuration                  1
   b - Blink                          Translocation                2
   c - Call Imp                       Summoning                    2
   d - Slow                           Hexes                        2
   e - Conjure Flame                  Conjuration/Fire             3
   f - Mephitic Cloud                 Conjuration/Poison/Air       3
Comestibles
 f - 4 bread rations
 g - 2 meat rations
 k - 4 royal jellies
 o - 5 fruits


   Skills:
 + Level 3.5 Fighting
 + Level 0.3 Short Blades
 + Level 3.6 Axes
 + Level 3.2 Armour
 + Level 1.0 Dodging
 + Level 0.2 Stealth
 + Level 3.3 Shields


You had 4 spell levels left.
You didn't know any spells.

Dungeon Overview and Level Annotations

Branches:
Dungeon (4/15)             Temple (0/1) D:4

Altars:


Innate Abilities, Weirdness & Mutations

You are mostly covered in yellow scales. (AC +3)
You sometimes gain a little power by taking damage.


Message History

The orc closely misses you.
The orc wizard hits you but does no damage.
You are more poisoned.
You slash the orc wizard!
You kill the orc wizard!
You hit the orc.
* * * LOW HITPOINT WARNING * * *
You feel very sick. You block the orc's attack.
Unknown command.
You hit the orc.
You kill the orc!
You completely miss the orc.
* * * LOW HITPOINT WARNING * * *
You feel very sick. The orc hits you but does no damage.
Unknown command.
You hit the orc.
You kill the orc!
You die...

......# #...#...#...
......######....#.#....
.................>.....
......######.#..#.#....
...............#...#...
......######.#.........
......##......##.......
......##.##.#....#....
......# #.####@# .!.
......# #.....[)......
..>..## ######........
.....# #........ .....#
#........ .....#
#....#### .....# #....#
.....###### #....#
............


There were no monsters in sight!

Vanquished Creatures
  An orc wizard (D:4)
  A worker ant (D:3)
  5 adders
  An ooze (D:3)
  A worm (D:3)
  A dart slug (D:2)
  5 leopard geckos
  4 orcs
  18 giant cockroaches
  7 goblins
  10 hobgoblins
  4 kobolds
  A quokka (D:2)
  4 bats
  4 frilled lizards
67 creatures vanquished.

Notes
Turn   | Place    | Note
-------+----------+-------------------------------------------
     0 | D:1      | Linguinho the Demonspawn Fighter began the quest for the Orb.
     0 | D:1      | Reached XP level 1. HP: 18/18 MP: 1/1
   238 | D:1      | Gained mutation: You sometimes gain a little power by taking damage. [demonic ancestry]
   238 | D:1      | Reached XP level 2. HP: 24/24 MP: 2/2
   641 | D:2      | Reached XP level 3. HP: 26/29 MP: 3/3
   923 | D:2      | Gained mutation: You are partially covered in yellow scales. (AC +2) [demonic ancestry]
   923 | D:2      | Reached XP level 4. HP: 22/35 MP: 4/4
  1488 | D:3      | Reached skill level 1 in Dodging
  1547 | D:3      | Gained mutation: You are mostly covered in yellow scales. (AC +3) [demonic ancestry]
  1547 | D:3      | Reached XP level 5. HP: 30/41 MP: 5/5
  2037 | D:4      | Found a staircase to the Ecumenical Temple.
  2061 | D:4      | Succumbed to an orc wizard's poison

Skill      XL: |  1  2  3  4 |
---------------+-------------+-----
Shields        | 3 |  3.3
Armour         | 3 |  3.2
Axes           | 2 3 |  3.6
Dodging        | 1 |  1.0
Fighting       | |  3.5
Short Blades   | |  0.3
Stealth        | |  0.2

Action                   |  1- 3 |  4- 6 || total
-------------------------+-------+-------++-------
Melee: War axe           |   130 |    76 ||   206
       Dagger            |       |    52 ||    52
  Eat: Chunk             |       |     3 ||     3
Armor: Scale mail        |    77 |    69 ||   146
Dodge: Dodged            |    46 |    44 ||    90
Block: Shield            |    76 |    64 ||   140
